[Event "Titled Tuesday Blitz September 20 Late 2022"]
[White "Stoyanov, Tsvetan"]
[Black "Girel, Joseph"]
[WhiteFideId "2917173"]
[BlackFideId "36033561"]
[WhiteElo "2283"]
[BlackElo "2104"]
[Result "0-1"]
[Round "10"]
[TimeControl "180+1"]
[Date "2022.09.20"]
[WhiteClock "0:00:04"]
[BlackClock "0:01:08"]

1. c4 e5 2. Nc3 Nf6 3. Nf3 e4 4. Ng5 c6 5. Qa4 Qe7 6. Qc2 d5 7. cxd5 Bf5 8. f3 cxd5 9. fxe4 dxe4 10. e3 Nc6 11. Bb5 Qe5 12. Qa4 Rc8 13. d4 exd3 14. Nf3 Qc5 15. Nd4 Bd7 16. Bxd3 Ne5 17. Qc2 Nxd3+ 18. Qxd3 Bd6 19. Bd2 O-O 20. O-O-O Be5 21. Rhf1 Rfd8 22. Kb1 Bg4 23. Rc1 Bh5 24. Ka1 Bg6 25. Qe2 Bxd4 26. exd4 Qxd4 27. Be3 Qb4 28. Rf4 Qa5 29. Bd4 Nd5 30. Qe5 f6 31. Qe6+ Bf7 32. Qg4 Nxc3 0-1


[Site "https://www.chess.com"]

[Event "Titled Tuesday Blitz September 20 Late 2022"]
[White "Suarez Uriel, Adrian"]
[Black "Yurovskykh, Oleksandr"]
[WhiteFideId "22230874"]
[BlackFideId "14134020"]
[WhiteElo "2310"]
[BlackElo "2303"]
[Result "0-1"]
[Round "10"]
[TimeControl "180+1"]
[Date "2022.09.20"]
[WhiteClock "0:00:44"]
[BlackClock "0:00:20"]

1. e4 d5 2. exd5 Qxd5 3. Nc3 Qd8 4. d4 Nf6 5. Nf3 Bg4 6. h3 Bxf3 7. Qxf3 c6 8. Be3 e6 9. O-O-O Bb4 10. Ne2 Qd5 11. Qxd5 cxd5 12. g4 Nc6 13. c3 Bd6 14. Kb1 h5 15. g5 Ng8 16. h4 Nge7 17. Ng3 g6 18. Bd3 Nf5 19. Nxf5 gxf5 20. Be2 Ne7 21. Bf3 Ng6 22. Bc1 Kd7 23. b3 Rac8 24. Bb2 b5 25. Rc1 Rc7 26. Rc2 Nf4 27. Rd2 Rhc8 28. Rc1 Ke7 29. Rcc2 Kf8 30. Rd1 Kg7 31. Re1 Kg6 32. Re3 Bf8 33. Bh1 Bd6 34. Rf3 Kg7 35. Bc1 Ng6 36. Rh3 b4 37. Bf3 Rxc3 38. Rxc3 Rxc3 39. Bb2 Rc8 40. Bc1 Nf4 41. Bxf4 Bxf4 42. Bxh5 Rc1+ 43. Kb2 Rf1 44. Rf3 Bd2 45. Kc2 Be1 46. Re3 Rxf2+ 47. Kd3 Rd2# 0-1


[Site "https://www.chess.com"]

[Event "Titled Tuesday Blitz September 20 Late 2022"]
[White "Terry, Renato"]
[Black "Navarrete Mendez, Gonzalo Alberto"]
[WhiteFideId "3803457"]
[BlackFideId "5106850"]
[WhiteElo "2577"]
[BlackElo "2261"]
[Result "1/2-1/2"]
[Round "10"]
[TimeControl "180+1"]
[Date "2022.09.20"]
[WhiteClock "0:00:07"]
[BlackClock "0:00:29"]

1. Nf3 d5 2. e3 Nf6 3. b3 Nc6 4. Bb2 Bg4 5. d4 e6 6. Be2 Ne4 7. O-O Bd6 8. c4 f5 9. Nc3 O-O 10. cxd5 exd5 11. Nxd5 Bxf3 12. Bxf3 Bxh2+ 13. Kxh2 Qxd5 14. Qc2 Kh8 15. g3 Rf6 16. Rh1 Rg6 17. Kg2 Re8 18. Rh4 h6 19. Qc4 Qd6 20. Rf4 Nd2 21. Qd5 Nxf3 22. Qxf3 Ne7 23. Qxb7 Nd5 24. Rf3 f4 25. exf4 Re2 26. Bc1 Qd7 27. f5 Rb6 28. Qxa7 Qe8 29. f6 Rxf6 30. Rxf6 Nxf6 31. Qb7 Ng4 32. Qf3 Rxf2+ 33. Qxf2 Nxf2 34. Kxf2 Qe4 35. Be3 Qc2+ 36. Kf3 Qc6+ 37. Kf2 Qc2+ 38. Kf3 Qc6+ 39. Kf2 Qc2+ 1/2-1/2


[Site "https://www.chess.com"]

[Event "Titled Tuesday Blitz September 20 Late 2022"]
[White "Timmermans, Mark"]
[Black "Goroshkov, Maksym"]
[WhiteFideId "1026399"]
[BlackFideId "14142716"]
[WhiteElo "2460"]
[BlackElo "2257"]
[Result "1-0"]
[Round "10"]
[TimeControl "180+1"]
[Date "2022.09.20"]
[WhiteClock "0:00:32"]
[BlackClock "0:00:02"]

1. Nf3 Nf6 2. c4 d6 3. b4 g6 4. Bb2 Bg7 5. e3 O-O 6. Be2 c5 7. b5 a6 8. a4 axb5 9. axb5 Rxa1 10. Bxa1 b6 11. d4 Bb7 12. O-O Nbd7 13. Nc3 e5 14. dxe5 Nxe5 15. Nxe5 dxe5 16. Qc2 Qa8 17. f3 Rd8 18. e4 Bh6 19. Nd5 Bxd5 20. exd5 Be3+ 21. Kh1 Bd4 22. Bc3 Qa3 23. Bd2 Ne8 24. Bg5 f6 25. Bc1 Qa7 26. Bd3 Ra8 27. f4 Ng7 28. g4 Re8 29. Re1 Qd7 30. f5 h5 31. Qg2 hxg4 32. Qxg4 gxf5 33. Qh3 e4 34. Rxe4 Rxe4 35. Bxe4 Qe7 36. Bd3 Qe1+ 37. Qf1 Qh4 38. Bf4 Be5 39. Bxe5 fxe5 40. Bxf5 Nxf5 41. Qxf5 Qxc4 42. Qg6+ Kf8 43. Qf6+ Kg8 44. d6 Qd5+ 45. Kg1 Qd1+ 46. Kg2 Qg4+ 47. Kf2 Qd4+ 48. Kg3 Qg1+ 49. Kh4 Qxh2+ 50. Kg5 Qg3+ 51. Kf5 Qf3+ 52. Ke6 Qb3+ 53. Ke7 Qxb5 54. d7 Qc6 55. d8=Q+ Kh7 56. Qdh8# 1-0


[Site "https://www.chess.com"]

[Event "Titled Tuesday Blitz September 20 Late 2022"]
[White "Xiong, Jeffery"]
[Black "Lenderman, Aleksandr"]
[WhiteFideId "2047640"]
[BlackFideId "2021285"]
[WhiteElo "2997"]
[BlackElo "2961"]
[Result "1-0"]
[Round "10"]
[TimeControl "180+1"]
[Date "2022.09.20"]
[WhiteClock "0:01:31"]
[BlackClock "0:01:03"]

1. e4 e6 2. d4 d5 3. e5 c5 4. c3 Nc6 5. Nf3 Bd7 6. Be2 Nge7 7. Na3 cxd4 8. cxd4 Nf5 9. Nc2 f6 10. g4 Nfe7 11. exf6 gxf6 12. h4 Bg7 13. Be3 O-O 14. Qd2 e5 15. h5 e4 16. Nh4 f5 17. h6 Bf6 18. gxf5 Nxf5 19. Nxf5 Bxf5 20. O-O-O Kh8 21. Kb1 Qe7 22. Ka1 Rg8 23. Bf4 a5 24. Bb5 Nb4 25. Ne3 Be6 26. Rc1 Rgc8 27. a3 Nc6 28. Bxc6 bxc6 29. f3 exf3 30. Rhf1 Rf8 31. Rxf3 Bd7 32. Rcf1 Rae8 33. Qh2 Bxd4 34. Be5+ Bxe5 35. Qxe5+ Qxe5 36. Rxf8+ Rxf8 37. Rxf8# 1-0


[Site "https://www.chess.com"]

[Event "Titled Tuesday Blitz September 20 Late 2022"]
[White "Yanchenko, Roman"]
[Black "Tari, Aryan"]
[WhiteFideId "4137329"]
[BlackFideId "1510045"]
[WhiteElo "2514"]
[BlackElo "2612"]
[Result "0-1"]
[Round "10"]
[TimeControl "180+1"]
[Date "2022.09.20"]
[WhiteClock "0:00:03"]
[BlackClock "0:00:01"]

1. d4 Nf6 2. c4 e6 3. Nf3 a6 4. Bf4 b5 5. e3 Bb7 6. c5 d6 7. b4 Nd5 8. a4 Nxf4 9. exf4 dxc5 10. bxc5 b4 11. a5 Be7 12. Qa4+ Bc6 13. Qxb4 Bxf3 14. gxf3 O-O 15. Nd2 Nc6 16. Qa4 Nxd4 17. Rd1 Rb8 18. Bd3 Bxc5 19. O-O Qh4 20. Qc4 Bd6 21. Ne4 Nxf3+ 22. Kg2 Qg4+ 23. Ng3 Nh4+ 24. Kg1 Rb4 25. Qc6 Rxf4 26. Be2 Qh3 27. Qxa6 Rf3 28. Qc6 Bxg3 29. fxg3 Qg2# 0-1


[Site "https://www.chess.com"]

[Event "Titled Tuesday Blitz September 20 Late 2022"]
[White "Zhigalko, Sergei"]
[Black "Ceres, Dragos"]
[WhiteFideId "13502956"]
[BlackFideId "13905864"]
[WhiteElo "2662"]
[BlackElo "2150"]
[Result "1/2-1/2"]
[Round "10"]
[TimeControl "180+1"]
[Date "2022.09.20"]
[WhiteClock "0:00:03"]
[BlackClock "0:00:13"]

1. e4 e5 2. Nf3 Nc6 3. Bb5 Nf6 4. O-O Nxe4 5. d4 Nd6 6. Bxc6 dxc6 7. dxe5 Nf5 8. Qxd8+ Kxd8 9. Nc3 Ke8 10. h3 h5 11. Bg5 Be6 12. b3 a5 13. Rad1 Bb4 14. Ne2 a4 15. Nfd4 Nxd4 16. Nxd4 Bd7 17. Rd3 axb3 18. axb3 Be7 19. Bxe7 Kxe7 20. Rfd1 Rhd8 21. b4 Be6 22. f4 g6 23. Kf2 Rd5 24. Kf3 Ra2 25. c4 Rd7 26. g4 hxg4+ 27. hxg4 Rh2 28. Kg3 Rh8 29. f5 gxf5 30. gxf5 c5 31. bxc5 Rxd4 32. f6+ Kd7 33. Rxd4+ Kc6 34. Rd8 Rh3+ 35. Kf4 Kxc5 36. Re8 Bxc4 37. Re7 b5 38. Rxc7+ Kb4 39. Rdd7 Be6 40. Rxf7 Rh4+ 41. Kg3 Rh3+ 42. Kg2 Re3 43. Rfe7 Rxe5 44. f7 Bd5+ 45. Kf2 Rf5+ 46. Ke3 Ka3 47. Kd4 Bb3 48. Ra7+ Kb4 49. Rab7 Bc4 50. Ke4 Rf1 51. Ke5 Kc3 52. Rec7 b4 53. Kd6 b3 54. Rb8 b2 55. f8=Q Rxf8 56. Rxc4+ Kxc4 57. Rxb2 Rf6+ 58. Ke5 Rf3 59. Rc2+ Rc3 60. Rxc3+ Kxc3 1/2-1/2


[Site "https://www.chess.com"]

[Event "Titled Tuesday Blitz September 20 Late 2022"]
[White "Andreikin, Dmitry"]
[Black "Caruana, Fabiano"]
[WhiteFideId "4158814"]
[BlackFideId "2020009"]
[WhiteElo "2736"]
[BlackElo "2847"]
[Result "1/2-1/2"]
[Round "11"]
[TimeControl "180+1"]
[Date "2022.09.20"]
[WhiteClock "0:00:04"]
[BlackClock "0:00:05"]

1. Nf3 Nf6 2. g3 g6 3. Bg2 Bg7 4. d4 O-O 5. O-O d5 6. c3 b6 7. c4 Bb7 8. cxd5 Nxd5 9. e4 Nf6 10. e5 Nd5 11. Nc3 Nxc3 12. bxc3 c5 13. Re1 cxd4 14. cxd4 Nc6 15. Ba3 Na5 16. Rc1 Qd7 17. Ng5 Bxg2 18. Kxg2 Rac8 19. e6 Qd5+ 20. Qf3 Qxf3+ 21. Nxf3 fxe6 22. Bxe7 Rxc1 23. Rxc1 Re8 24. Bb4 Rd8 25. Rc7 Bxd4 26. Be7 Rd5 27. Nxd4 Rxd4 28. Bf6 Rd2 29. Rxa7 Rxa2 30. Rg7+ Kf8 31. Rxh7 b5 32. Ra7 Ra4 33. h4 Nc6 34. Rb7 b4 35. Rb6 Kf7 36. Bg5 Nd4 37. Rb7+ Ke8 38. Bf6 Nc6 39. Kf3 Ra5 40. g4 Rc5 41. Kf4 Kf8 42. f3 Ke8 43. Rb6 Kf7 44. Rb7+ Ke8 45. Bb2 Rc2 46. Bg7 Rc5 47. Bf6 Kf8 48. g5 Ke8 49. Kg4 Rc4+ 50. f4 e5 51. Kg3 exf4+ 52. Kg4 f3+ 53. Kg3 f2 54. Kxf2 Rxh4 55. Kf3 Rc4 56. Rg7 b3 57. Rxg6 Rb4 58. Rg7 b2 59. Bxb2 Rxb2 60. Ke4 Kf8 61. Rc7 Rb4+ 62. Kf5 Ne7+ 63. Ke6 Re4+ 64. Kf6 Nd5+ 65. Kf5 Re1 66. Ra7 Ne7+ 67. Kf6 Rf1+ 68. Ke6 Ng6 69. Ra8+ Kg7 70. Ra7+ Kg8 71. Ra8+ Nf8+ 72. Ke5 Kg7 73. Ra6 Nh7 74. Ra7+ Kg6 75. Ra6+ Kxg5 76. Ra7 Nf8 77. Ra8 Ng6+ 78. Ke4 Rf4+ 79. Ke3 Rb4 80. Ra5+ Kg4 81. Ra8 Rb5 82. Rg8 Rb6 83. Ra8 Kf5 84. Ra5+ Ne5 85. Ra8 Rb3+ 86. Kd4 Rd3+ 87. Kc5 Rd1 88. Ra7 Ke4 89. Ra4+ Kf5 90. Ra8 Nd7+ 91. Kc6 Kf6 92. Kc7 Ke7 93. Ra6 Ne5 94. Ra2 Rc1+ 95. Kb6 Ke6 96. Re2 Rc8 97. Kb5 Kd5 98. Rd2+ Ke4 99. Re2+ Kd4 100. Rd2+ Nd3 101. Rh2 Ke4 102. Kb6 Kd5 103. Rh5+ Ne5 104. Rh1 Rb8+ 105. Kc7 Rb2 106. Rd1+ Ke6 107. Rd6+ Ke7 108. Rd1 Rc2+ 109. Kb6 Nc4+ 110. Kb5 Ke6 111. Kb4 Ne5 112. Kb5 Rb2+ 113. Kc5 Rb3 114. Re1 Kf5 115. Kd5 Rb5+ 116. Kd6 Nf3 117. Rf1 Rb3 118. Kc5 Ke4 119. Rh1 Rc3+ 120. Kd6 Rd3+ 121. Ke7 Ra3 122. Rh8 Ra7+ 123. Kd6 Ra6+ 124. Kc5 Kf5 125. Rf8+ Ke4 1/2-1/2


[Site "https://www.chess.com"]

[Event "Titled Tuesday Blitz September 20 Late 2022"]
[White "Bayo Milagro, Alvaro"]
[Black "Pert, Richard G"]
[WhiteFideId "22275240"]
[BlackFideId "404748"]
[WhiteElo "2270"]
[BlackElo "2441"]
[Result "0-1"]
[Round "11"]
[TimeControl "180+1"]
[Date "2022.09.20"]
[WhiteClock "0:01:33"]
[BlackClock "0:00:35"]

1. e4 e6 2. d4 d5 3. Nc3 Nf6 4. e5 Nfd7 5. f4 c5 6. Nf3 Nc6 7. Be3 Be7 8. Qd2 O-O 9. dxc5 Nxc5 10. O-O-O a6 11. Qf2 b6 12. h4 f6 13. exf6 Bxf6 14. Nd4 Bd7 15. g3 Rc8 16. Bh3 Nxd4 17. Bxd4 e5 18. Bxc5 Rxc5 19. Nxd5 Bxh3 20. Nxf6+ Qxf6 21. Rxh3 Qf5 22. Rh2 exf4 23. gxf4 Qxf4+ 24. Qxf4 Rxf4 25. Rd6 Rf6 26. Rxf6 gxf6 27. Kd2 Kf7 28. Kd3 Ke6 29. b4 Rd5+ 30. Kc4 b5+ 31. Kc3 f5 32. Rg2 f4 33. Rg4 Kf5 34. Rg7 f3 35. Rxh7 Kg4 36. Rf7 Kg3 37. a4 f2 38. axb5 axb5 39. Kb3 Kg2 40. c4 Rd3+ 41. Kc2 bxc4 42. Rxf2+ Kxf2 43. h5 Rb3 0-1


[Site "https://www.chess.com"]

[Event "Titled Tuesday Blitz September 20 Late 2022"]
[White "Bjelobrk, Igor"]
[Black "Maksimovic, Bojan"]
[WhiteFideId "4300726"]
[BlackFideId "14408120"]
[WhiteElo "2669"]
[BlackElo "2869"]
[Result "0-1"]
[Round "11"]
[TimeControl "180+1"]
[Date "2022.09.20"]
[WhiteClock "0:00:22"]
[BlackClock "0:00:04"]

1. c4 Nf6 2. g3 g6 3. Bg2 Bg7 4. Nc3 O-O 5. d4 d6 6. Nf3 Nc6 7. O-O Bg4 8. d5 Na5 9. b3 c5 10. dxc6 Nxc6 11. Be3 Qa5 12. Rc1 Qh5 13. Nd5 Nxd5 14. cxd5 Ne5 15. Rc7 Rac8 16. Rxb7 Rc3 17. Rxa7 Rxe3 18. fxe3 Bh6 19. Qd2 Bd7 20. Nxe5 Qxe5 21. Rf4 Bb5 22. Kf2 Rc8 23. a4 Be8 24. Qd4 Bxf4 25. gxf4 Qh5 26. Rxe7 Qh4+ 27. Kf3 Qxe7 28. Kg3 Bd7 29. h4 Re8 30. e4 f5 31. a5 fxe4 32. b4 e3 33. a6 Bb5 34. a7 Bxe2 35. Bh3 Bg4 36. Bxg4 e2 37. Bxe2 Qxe2 38. a8=Q Rxa8 39. Qc3 Re8 0-1


[Site "https://www.chess.com"]

[Event "Titled Tuesday Blitz September 20 Late 2022"]
[White "Bortnyk, Olexandr"]
[Black "Melkumyan, Hrant"]
[WhiteFideId "14120828"]
[BlackFideId "13302485"]
[WhiteElo "2999"]
[BlackElo "2953"]
[Result "1-0"]
[Round "11"]
[TimeControl "180+1"]
[Date "2022.09.20"]
[WhiteClock "0:00:59"]
[BlackClock "0:00:14"]

1. d4 d5 2. Nc3 Nf6 3. Bf4 c6 4. e3 Bf5 5. Nf3 Nbd7 6. Ne5 h6 7. g4 Bh7 8. h4 Nxe5 9. dxe5 Ne4 10. Nxe4 Bxe4 11. f3 Bh7 12. e6 fxe6 13. Bd3 Qa5+ 14. c3 Bxd3 15. Qxd3 Kd7 16. Qg6 Qd8 17. h5 Qe8 18. Be5 Qxg6 19. hxg6 a5 20. a4 c5 21. b3 Ra6 22. Kd2 Rb6 23. Kc2 Rc6 24. c4 Kc8 25. f4 b6 26. Rad1 Kb7 27. Rh5 Ka6 28. Rg1 Kb7 29. g5 Rg8 30. gxh6 gxh6 31. g7 Rc8 32. Rxh6 1-0


[Site "https://www.chess.com"]

[Event "Titled Tuesday Blitz September 20 Late 2022"]
[White "D`Arruda, Ricardo D."]
[Black "Gubajdullin, Alexei"]
[WhiteFideId "100692"]
[BlackFideId "4141202"]
[WhiteElo "2480"]
[BlackElo "2195"]
[Result "0-1"]
[Round "11"]
[TimeControl "180+1"]
[Date "2022.09.20"]
[WhiteClock "0:00:19"]
[BlackClock "0:00:15"]

1. d4 Nf6 2. Nf3 g6 3. Nc3 Bg7 4. e4 d6 5. Bg5 O-O 6. Qd2 Nc6 7. d5 Nb8 8. Be2 c6 9. O-O Bg4 10. Rfe1 Nbd7 11. Bh6 Bxf3 12. Bxf3 Qb6 13. Rab1 Rfc8 14. Bxg7 Kxg7 15. Be2 a5 16. a3 a4 17. h3 Ra5 18. Bf1 Rc7 19. Kh1 cxd5 20. Nxd5 Nxd5 21. exd5 Nf6 22. c4 Rac5 23. Re3 Qa7 24. Rbe1 b5 25. cxb5 Rc2 26. Qb4 Nxd5 27. b6 Qxb6 28. Qxb6 Nxb6 29. Rxe7 Rxe7 30. Rxe7 Rxb2 31. Kg1 Rb1 32. Rb7 Rb3 33. g3 d5 34. Be2 Nc4 35. Rd7 Rb2 36. Bf1 Rb1 37. Kg2 Nxa3 38. Rxd5 Nc2 39. Ra5 a3 40. Bd3 Ne1+ 41. Kh2 Nxd3 42. Rxa3 Nxf2 0-1


[Site "https://www.chess.com"]

[Event "Titled Tuesday Blitz September 20 Late 2022"]
[White "Estrada Nieto, Julian"]
[Black "Cukrowski, Filip"]
[WhiteFideId "5101018"]
[BlackFideId "1171097"]
[WhiteElo "2252"]
[BlackElo "2093"]
[Result "0-1"]
[Round "11"]
[TimeControl "180+1"]
[Date "2022.09.20"]
[WhiteClock "0:00:06"]
[BlackClock "0:01:10"]

1. e4 e6 2. d4 d5 3. Nd2 dxe4 4. Nxe4 Nd7 5. Nf3 a6 6. g3 c5 7. Bg2 Ngf6 8. Nxf6+ Nxf6 9. O-O Be7 10. dxc5 Qxd1 11. Rxd1 Bxc5 12. Ne5 Ke7 13. Be3 Bxe3 14. fxe3 Rb8 15. Rd4 Nd7 16. Nxd7 Bxd7 17. Rad1 Rhd8 18. Kf2 b6 19. c4 e5 20. Rd6 Be6 21. Rxd8 Rxd8 22. Rxd8 Kxd8 23. b3 Kc7 24. Ke2 Kd6 25. Kd3 a5 26. Kc3 f5 27. a3 g5 28. b4 axb4+ 29. axb4 h5 30. Bf3 Bf7 31. h4 f4 32. exf4 exf4 33. gxf4 gxh4 34. Kd4 h3 35. c5+ bxc5+ 36. bxc5+ Kc7 37. Ke5 h2 38. Kf6 Be8 39. Kg5 Bc6 40. Bxc6 Kxc6 41. f5 h1=Q 42. f6 Qf3 43. Kg6 h4 44. f7 Kd7 45. Kg7 Ke7 46. c6 Qxf7+ 47. Kh8 Kf6 48. c7 Qg7# 0-1


[Site "https://www.chess.com"]

[Event "Titled Tuesday Blitz September 20 Late 2022"]
[White "Girel, Joseph"]
[Black "Terry, Renato"]
[WhiteFideId "36033561"]
[BlackFideId "3803457"]
[WhiteElo "2763"]
[BlackElo "2948"]
[Result "0-1"]
[Round "11"]
[TimeControl "180+1"]
[Date "2022.09.20"]
[WhiteClock "0:00:03"]
[BlackClock "0:00:13"]

1. d4 d5 2. c4 e5 3. dxe5 d4 4. Nf3 Nc6 5. g3 Nge7 6. Bg2 Ng6 7. O-O Ngxe5 8. Nbd2 Be7 9. b3 O-O 10. Bb2 Bf6 11. Nxe5 Bxe5 12. Nf3 Bf6 13. Qd2 Re8 14. Rad1 Bg4 15. h3 Bh5 16. g4 Bg6 17. Nxd4 Nxd4 18. Bxd4 Bxd4 19. Qxd4 Qxd4 20. Rxd4 Rxe2 21. Bxb7 Rb8 22. Rfd1 Kf8 23. Bc6 Rxa2 24. Rd8+ Rxd8 25. Rxd8+ Ke7 26. Rd7+ Ke6 27. Rxc7 Kd6 28. Rc8 Rb2 29. Ba4 Be4 30. f4 g5 31. Rd8+ Kc5 32. fxg5 Rg2+ 33. Kf1 Rh2 34. Rd7 Bg6 35. Rxa7 Kd4 36. Re7 Be4 37. Kg1 Rg2+ 38. Kf1 Rh2 39. Kg1 Rg2+ 40. Kf1 Rb2 41. Rxf7 Ke3 42. Kg1 Rg2+ 43. Kf1 Rh2 44. Ke1 Rb2 45. b4 Re2+ 46. Kd1 Ra2 47. Kc1 Rxa4 48. Kb2 Rxb4+ 49. Kc3 Rb1 50. h4 Rg1 51. h5 Rxg4 52. g6 hxg6 53. hxg6 Rxg6 54. Re7 Rg1 55. Re8 Rb1 56. Re7 Rc1+ 57. Kb4 Kd4 58. Rd7+ Ke5 59. Re7+ Kf4 60. Rf7+ Bf5 61. Re7 Kg5 62. c5 Kf6 63. Re8 Be6 64. Rd8 Ke5 65. Rd2 Rb1+ 66. Ka5 Bd5 67. Re2+ Kd4 68. Rc2 Bc6 69. Ka6 Kd5 70. Ka5 Ke6 71. Ka6 Kd7 72. Ka5 Rb5+ 73. Ka6 Kc7 74. Rh2 Rb4 75. Rh7+ Bd7 76. c6 Kxc6 77. Ka5 Rc4 78. Rh6+ Kc7 0-1


[Site "https://www.chess.com"]

[Event "Titled Tuesday Blitz September 20 Late 2022"]
[White "Goroshkov, Maksym"]
[Black "Forgacs, Attila Jr."]
[WhiteFideId "14142716"]
[BlackFideId "773654"]
[WhiteElo "2257"]
[BlackElo "2062"]
[Result "0-1"]
[Round "11"]
[TimeControl "180+1"]
[Date "2022.09.20"]
[WhiteClock "0:00:27"]
[BlackClock "0:00:14"]

1. e4 e5 2. Nf3 Nc6 3. Bb5 a6 4. Ba4 Nf6 5. O-O Be7 6. Re1 b5 7. Bb3 O-O 8. c3 d5 9. exd5 Nxd5 10. d4 exd4 11. cxd4 Bf6 12. Nc3 Nb6 13. d5 Nb4 14. Ne5 Bb7 15. Ng4 Bxc3 16. bxc3 N4xd5 17. Ba3 Re8 18. Qd4 Qg5 19. f3 h5 20. Nf2 Nf4 21. g3 Ne2+ 22. Rxe2 Rxe2 23. Qd3 Rae8 24. Ne4 Qe3+ 25. Qxe3 Rxe3 26. Ng5 Bd5 27. Bc5 Re1+ 28. Rxe1 Rxe1+ 29. Kf2 Bxb3 30. Kxe1 Bxa2 31. Bxb6 cxb6 32. Ne4 Bd5 33. Nd2 a5 34. Ke2 a4 35. Nb1 f6 36. Na3 Bc4+ 37. Ke3 Kf7 38. Ke4 Ke6 39. f4 g6 40. h3 Kd6 41. Kd4 g5 42. fxg5 fxg5 43. h4 gxh4 44. gxh4 Ke6 45. Ke4 Kf6 46. Kf4 Bd3 47. Ke3 Bg6 48. Kf4 Be8 49. Nc2 Bd7 50. Na3 Bc6 51. Nc2 Ke6 52. Ke3 Kd5 53. Kd3 Kc5 54. Nb4 a3 55. Kc2 Bd5 56. Nd3+ Kd6 57. Nf4 Bf3 58. Kb3 Ke5 59. Nd3+ Kf5 60. Kxa3 Kg4 61. Ne5+ Kf4 62. Nd7 Kg3 63. Nxb6 Kxh4 64. Kb4 Be2 65. Nd7 Kg3 66. Nf6 h4 67. Ne4+ Kg2 68. Ng5 h3 69. Nxh3 Kxh3 70. Kc5 Bc4 71. Kd4 Kg4 72. Kc5 Kf5 73. Kd4 Ke6 74. Kc5 Ke5 75. Kb4 Ke4 76. Kc5 Kd3 77. Kb4 Kc2 78. Kc5 Kxc3 79. Kb6 b4 80. Ka5 b3 81. Ka4 b2 82. Ka5 b1=Q 83. Ka4 Qb3+ 84. Ka5 Qb5# 0-1


[Site "https://www.chess.com"]

[Event "Titled Tuesday Blitz September 20 Late 2022"]
[White "Harvey, Marcus R"]
[Black "Kamsky, Gata"]
[WhiteFideId "400092"]
[BlackFideId "2000024"]
[WhiteElo "2785"]
[BlackElo "2927"]
[Result "1-0"]
[Round "11"]
[TimeControl "180+1"]
[Date "2022.09.20"]
[WhiteClock "0:00:04"]
[BlackClock "0:00:03"]

1. c4 Nf6 2. Nf3 e6 3. b3 b6 4. g3 Bb7 5. Bg2 c5 6. Bb2 Be7 7. O-O O-O 8. d4 cxd4 9. Qxd4 d6 10. Rd1 Nbd7 11. Nc3 a6 12. Qf4 Qb8 13. Rd2 Rd8 14. Rad1 b5 15. h3 bxc4 16. bxc4 Nc5 17. Ba3 Qc7 18. Ng5 Bxg2 19. Kxg2 Rac8 20. f3 Qa5 21. Bxc5 Qxc5 22. Nce4 Qxc4 23. Nxd6 Qxf4 24. gxf4 Bxd6 25. Rxd6 Nd5 26. Rxd8+ Rxd8 27. Kf2 h6 28. Ne4 Rc8 29. f5 Rc2 30. fxe6 fxe6 31. Rd2 Rxd2 32. Nxd2 g5 33. Nb3 Kf7 34. Nc5 a5 35. a4 Kf6 36. Nb7 Nc3 37. Nxa5 Nxa4 38. Nc4 Nc3 39. Nd2 Nd5 40. Kg3 Ne3 41. Ne4+ Ke5 42. Nf2 h5 43. Nd3+ Kd4 44. Kf2 Nf5 45. Nb4 Ke5 46. Nc6+ Kd6 47. Na5 Nd4 48. Nc4+ Kd5 49. Nd2 Ke5 50. e3 Nc2 51. Ke2 Nb4 52. Nc4+ Kf6 53. Nd6 Nd5 54. Ne4+ Kg6 55. Kf2 Kf5 56. Nc5 Ke5 57. Nd3+ Kf6 58. e4 Nc3 59. Ke3 Nb5 60. Nc5 e5 61. Nd7+ Ke6 62. Nc5+ Kd6 63. Nd3 Nd4 64. Ne1 Ne6 65. Ng2 Kc5 66. h4 gxh4 67. Nxh4 Nf4 68. Nf5 Kc4 69. Nh4 Kc5 70. Nf5 Ng6 71. Kf2 Nf4 72. Kg3 Kc4 73. Ne7 Kd3 74. Nc6 Ng6 75. Nxe5+ Nxe5 76. Kh4 Ke3 77. Kxh5 Nxf3 78. e5 Ke4 79. e6 Nd4 80. e7 Nf5 81. e8=Q+ 1-0


[Site "https://www.chess.com"]

[Event "Titled Tuesday Blitz September 20 Late 2022"]
[White "Hirneise, Jens"]
[Black "Koellner, Ruben Gideon"]
[WhiteFideId "24614734"]
[BlackFideId "12993093"]
[WhiteElo "2344"]
[BlackElo "2286"]
[Result "0-1"]
[Round "11"]
[TimeControl "180+1"]
[Date "2022.09.20"]
[WhiteClock "0:00:06"]
[BlackClock "0:00:05"]

1. d4 d6 2. Nf3 Nf6 3. g3 Nbd7 4. Bg2 e5 5. dxe5 Nxe5 6. Nxe5 dxe5 7. Qxd8+ Kxd8 8. O-O c6 9. Nc3 Kc7 10. Bg5 Be6 11. Rfd1 Nd7 12. Be3 Be7 13. h4 Rhd8 14. Ne4 f6 15. b3 Nb6 16. a4 Rxd1+ 17. Rxd1 Rd8 18. Rxd8 Kxd8 19. a5 Nd5 20. Bxa7 Bb4 21. Nc5 Bc8 22. c4 Ne7 23. Bb6+ Ke8 24. Nd3 Bc3 25. b4 Be6 26. b5 Bxc4 27. a6 bxa6 28. bxc6 Bxd3 29. exd3 a5 30. Kf1 Bb4 31. Ke2 Nc8 32. Bc7 a4 33. Kd1 Bc5 34. Kc2 Bxf2 35. Bh3 Ne7 36. Bd7+ Kf7 37. Bd6 Nd5 38. c7 Nxc7 39. Bxc7 Bxg3 40. h5 a3 41. Kb3 g6 42. hxg6+ Kxg6 43. Kxa3 h5 44. Bh3 Bf2 45. Kb3 Kg5 46. Bd8 Bh4 47. Kc2 Kf4 48. Kd1 Kg3 49. Bf5 Bg5 50. Ke2 h4 51. Be6 h3 52. Bxh3 Kxh3 53. Kf3 Kh4 54. Be7 f5 55. Bxg5+ Kxg5 56. Ke3 Kg4 57. Kf2 Kf4 58. Ke2 Kg3 59. Ke3 f4+ 60. Ke4 f3 61. Kxe5 f2 62. d4 f1=Q 63. d5 Qf7 0-1


[Site "https://www.chess.com"]

[Event "Titled Tuesday Blitz September 20 Late 2022"]
[White "Jobava, Baadur"]
[Black "Tristan, Leonardo"]
[WhiteFideId "13601520"]
[BlackFideId "113816"]
[WhiteElo "2914"]
[BlackElo "2751"]
[Result "1-0"]
[Round "11"]
[TimeControl "180+1"]
[Date "2022.09.20"]
[WhiteClock "0:00:18"]
[BlackClock "0:00:16"]

1. b3 d5 2. Bb2 Bf5 3. d3 e6 4. Nd2 Nf6 5. g3 Be7 6. Bg2 O-O 7. e4 Bg6 8. Nh3 h6 9. O-O a5 10. Nf4 Bh7 11. Re1 c6 12. a3 Nbd7 13. e5 Ne8 14. h4 Qb6 15. Qg4 Nc7 16. Nf3 a4 17. b4 c5 18. Nh5 Bg6 19. Nxg7 Kxg7 20. h5 cxb4 21. hxg6 fxg6 22. Rab1 h5 23. Qh3 Nb5 24. Bc1 Bc5 25. Kh2 Bxf2 26. Rf1 Rxf3 27. Bxf3 Nxe5 28. Qg2 Rf8 29. Bf4 Nxf3+ 30. Qxf3 Bc5 31. axb4 Bd6 32. Be5+ Kh7 33. Qxf8 Bxf8 34. Rxf8 g5 35. Rbf1 Qe3 36. R8f7+ Kg8 37. Rg7+ Kh8 38. Rf8# 1-0


[Site "https://www.chess.com"]

[Event "Titled Tuesday Blitz September 20 Late 2022"]
[White "Jorajuria Mendoza, Algol"]
[Black "Korchmar, Vasiliy"]
[WhiteFideId "5128897"]
[BlackFideId "24131750"]
[WhiteElo "1600"]
[BlackElo "2370"]
[Result "0-1"]
[Round "11"]
[TimeControl "180+1"]
[Date "2022.09.20"]
[WhiteClock "0:00:05"]
[BlackClock "0:00:04"]

1. e4 c5 2. Nf3 d6 3. d4 cxd4 4. Qxd4 Nc6 5. Bb5 a6 6. Bxc6+ bxc6 7. Qa4 Bd7 8. c4 g6 9. e5 Bg7 10. exd6 exd6 11. O-O Ne7 12. Nc3 O-O 13. Bf4 d5 14. cxd5 cxd5 15. Qb3 d4 16. Nd5 Be6 17. Nxe7+ Qxe7 18. Qd3 Bf5 19. Qd2 Rfd8 20. Rfe1 Qb7 21. Be5 Be4 22. Ng5 Bxg2 23. f3 Bxf3 24. Bxg7 Kxg7 25. Rf1 Bd5 26. Qxd4+ Kg8 27. Rad1 Qc7 28. Qh4 h5 29. Qf2 Qe5 30. h4 Ra7 31. Rfe1 Qd6 32. Rxd5 Qxd5 33. Qxa7 Qc4 34. Qe7 Qg4+ 35. Kf2 Qxh4+ 36. Kg1 Qg3+ 37. Kh1 Qh4+ 38. Kg1 Rf8 39. Qf6 Qg4+ 40. Kh1 Qh4+ 41. Kg2 Qxe1 0-1


[Site "https://www.chess.com"]

[Event "Titled Tuesday Blitz September 20 Late 2022"]
[White "Leitao, Rafael"]
[Black "Janaszak, Dawid"]
[WhiteFideId "2101246"]
[BlackFideId "1119206"]
[WhiteElo "2609"]
[BlackElo "2165"]
[Result "1-0"]
[Round "11"]
[TimeControl "180+1"]
[Date "2022.09.20"]
[WhiteClock "0:00:26"]
[BlackClock "0:00:03"]

1. c4 b6 2. d4 Bb7 3. Nf3 e6 4. g3 f5 5. Bg2 Nf6 6. O-O Be7 7. Nc3 O-O 8. d5 Na6 9. Nd4 Nc5 10. b4 Nce4 11. Nxe4 Nxe4 12. Qb3 Bf6 13. Rd1 Qe7 14. Bb2 Kh8 15. Rac1 a5 16. a3 axb4 17. axb4 Qf7 18. Nb5 Bxb2 19. Qxb2 Rac8 20. Qd4 exd5 21. cxd5 d6 22. e3 Ba6 23. Nc3 Nxc3 24. Rxc3 Bb5 25. Rdc1 Rfe8 26. h4 h6 27. Bf3 Kh7 28. h5 Re7 29. Kg2 Ra8 30. Qd2 Ra4 31. Qb2 Qf6 32. Qb3 Ra7 33. Qc2 Ba4 34. Qb1 Bb5 35. Qb2 Qe5 36. Ra1 Rxa1 37. Qxa1 Qf6 38. Qc1 Qf7 39. Qc2 Bd7 40. Rxc7 Qe8 41. Ra7 Bb5 42. Rxe7 Qxe7 43. Qxf5+ Kh8 44. Be4 Kg8 45. Qh7+ Kf8 46. Qf5+ Ke8 47. Qc8+ Kf7 48. Bg6+ Kf6 49. Qf5# 1-0


[Site "https://www.chess.com"]